LNP
AGUADA ARZOBISPOS @ CABO ROJO COMBATIENTES
08/30/1903
 
TOP OF THE 1ST
Aguada Arzobispos batting - Pitching for Cabo Rojo Combatientes : LHP Alberto Lozano
Pitching: LHP Alberto Lozano
Batting: RHB Javier Esparza 0-0: Ball
1-0: Ball
2-0: Called Strike
2-1: Foul Ball, location: 2F
2-2: Strikes out swinging
Batting: RHB Felipe Rivera 0-0: Ball
1-0: Ball
2-0: Fly out, F7 (Flyball, 78M, EV 148 KM/H)
Batting: SHB René Jiménez 0-0: Ball
1-0: Fly out, F4 (Popup, 34, EV 109 KM/H)
Top of the 1st over - 0 runs, 0 hits, 0 errors, 0 left on base; Aguada 0 - Cabo Rojo 0
BOTTOM OF THE 1ST
Cabo Rojo Combatientes batting - Pitching for Aguada Arzobispos : RHP Samuel Pabón
Pitching: RHP Samuel Pabón
Batting: SHB Leopoldo López 0-0: Ball
1-0: Ball
2-0: Swinging Strike
2-1: Ball
3-1: Swinging Strike
3-2: Foul Ball, location: 2F
3-2: SINGLE (Line Drive, 9S, EV 175 KM/H)
Batting: RHB Alfredo Martínez 0-0: Ball
Leopoldo López steals 2nd base
1-0: Foul Ball, location: 23F
1-1: Swinging Strike
1-2: Ball
2-2: Strikes out swinging
Batting: RHB Elián Estrada 0-0: Ball
1-0: Called Strike
1-1: Called Strike
1-2: DOUBLE (Line Drive, 9LD, EV 169 KM/H)
Leopoldo López scores
Batting: LHB Plinio Ríos 0-0: Swinging Strike
0-1: Ball
1-1: Ball
2-1: Ball
3-1: Foul Ball, location: 3F
3-2: SINGLE (Flyball, 78S, EV 141 KM/H)
Elián Estrada to third
Batting: LHB Heliodoro Barrera 0-0: Swinging Strike
0-1: Foul Ball, location: 7LMF
0-2: Strikes out looking
Batting: RHB Admeto Morales 0-0: Swinging Strike
0-1: Fielders Choice at 2nd, 6-4 (Groundball, 6, EV 173 KM/H)
Bottom of the 1st over - 1 run, 3 hits, 0 errors, 2 left on base; Aguada 0 - Cabo Rojo 1
TOP OF THE 2ND
Aguada Arzobispos batting - Pitching for Cabo Rojo Combatientes : LHP Alberto Lozano
Batting: RHB Aldo Sotelo 0-0: Ball
1-0: Ball
2-0: Ball
3-0: Called Strike
3-1: Called Strike
3-2: Fly out, F8 (Flyball, 8RXD, EV 147 KM/H)
Batting: LHB Muño Rosas 0-0: Called Strike
0-1: Foul Ball, location: 2F
0-2: Ball
1-2: TRIPLE (Line Drive, 9LD, EV 164 KM/H)
Batting: RHB Adonis Pandelo 0-0: Called Strike
0-1: Called Strike
0-2: Fly out, F3 (Popup, 23F, EV 137 KM/H)
Batting: RHB Acasto García 0-0: Ball
1-0: Ball
2-0: Ball
3-0: Called Strike
3-1: Called Strike
3-2: Base on Balls
Batting: SHB Valerio Delgado 0-0: Called Strike
0-1: Swinging Strike
0-2: Fielders Choice at 2nd, 6-4 (Groundball, 6, EV 165 KM/H)
Top of the 2nd over - 0 runs, 1 hit, 0 errors, 2 left on base; Aguada 0 - Cabo Rojo 1
BOTTOM OF THE 2ND
Cabo Rojo Combatientes batting - Pitching for Aguada Arzobispos : RHP Samuel Pabón
Batting: SHB Loquillo Valenzuela 0-0: Fly out, F9 (Flyball, 9S, EV 134 KM/H)
Batting: LHB Augusto Monroy 0-0: Ball
1-0: Foul Ball, location: 2F
1-1: Foul Ball, location: 23FF
1-2: TRIPLE (Flyball, 9D, EV 176 KM/H)
Batting: LHB Mercuriano Vilchez 0-0: Foul Ball, location: 7LSF
0-1: Foul Ball, location: 23F
0-2: SINGLE (Flyball, 78S, EV 157 KM/H)
Augusto Monroy scores
Batting: SHB Leopoldo López 0-0: Ball
1-0: Called Strike
1-1: SINGLE (Groundball, 4MS, EV 98 KM/H) (infield hit)
Mercuriano Vilchez to second
Batting: RHB Alfredo Martínez 0-0: Called Strike
0-1: Ball
1-1: Ball
Passed Ball!
Mercuriano Vilchez to third
Leopoldo López to second
2-1: Fly out, F6 (Line Drive, 6M, EV 104 KM/H)
Lined into DP, U6 (Line Drive, 6M, EV 104 KM/H)
Bottom of the 2nd over - 1 run, 3 hits, 0 errors, 1 left on base; Aguada 0 - Cabo Rojo 2
TOP OF THE 3RD
Aguada Arzobispos batting - Pitching for Cabo Rojo Combatientes : LHP Alberto Lozano
Batting: RHB Albán Echeverry 0-0: Called Strike
0-1: Ball
1-1: SINGLE (Groundball, 6MD, EV 158 KM/H)
Batting: RHB Javier Esparza 0-0: Ball
1-0: Bunted foul
1-1: Reached on error, E3 (Groundball, 3S, EV 70 KM/H)
Albán Echeverry to second
Batting: RHB Felipe Rivera 0-0: Swinging Strike
0-1: Called Strike
0-2: Ball
1-2: Ball
2-2: Fly out, F7 (Flyball, 7LD, EV 172 KM/H)
Batting: SHB René Jiménez 0-0: Foul Ball, location: 2LF
0-1: Fielders Choice at 2nd, 3-6 (Groundball, 34, EV 138 KM/H)
Albán Echeverry to third
Batting: RHB Aldo Sotelo 0-0: Foul Ball, location: 5DF
0-1: Called Strike
0-2: Ball
1-2: Fly out, F8 (Flyball, 8LXD, EV 171 KM/H)
Top of the 3rd over - 0 runs, 1 hit, 1 error, 2 left on base; Aguada 0 - Cabo Rojo 2
BOTTOM OF THE 3RD
Cabo Rojo Combatientes batting - Pitching for Aguada Arzobispos : RHP Samuel Pabón
Batting: RHB Elián Estrada 0-0: Bunted foul
0-1: Swinging Strike
0-2: Ball
1-2: Ball
2-2: Ball
3-2: Foul Ball, location: 2F
3-2: Ground out 6-3 (Groundball, 6, EV 171 KM/H)
Batting: LHB Plinio Ríos 0-0: Swinging Strike
0-1: Called Strike
0-2: Ground out U3 (Groundball, 13, EV 135 KM/H)
Batting: LHB Heliodoro Barrera 0-0: Called Strike
0-1: Foul Ball, location: 3F
0-2: Ground out 6-3 (Groundball, 56, EV 144 KM/H)
Bottom of the 3rd over - 0 runs, 0 hits, 0 errors, 0 left on base; Aguada 0 - Cabo Rojo 2
TOP OF THE 4TH
Aguada Arzobispos batting - Pitching for Cabo Rojo Combatientes : LHP Alberto Lozano
Batting: LHB Muño Rosas 0-0: Foul Ball, location: 2F
0-1: Called Strike
0-2: Strikes out swinging
Batting: RHB Adonis Pandelo 0-0: Ball
1-0: SINGLE (Line Drive, 78M, EV 171 KM/H)
Batting: RHB Acasto García 0-0: Grounds into double play, 4-6-3 (Groundball, 4, EV 125 KM/H)
Top of the 4th over - 0 runs, 1 hit, 0 errors, 0 left on base; Aguada 0 - Cabo Rojo 2
BOTTOM OF THE 4TH
Cabo Rojo Combatientes batting - Pitching for Aguada Arzobispos : RHP Samuel Pabón
Batting: RHB Admeto Morales 0-0: Called Strike
0-1: Ball
1-1: Ground out 5-3 (Groundball, 5, EV 161 KM/H)
Batting: SHB Loquillo Valenzuela 0-0: Ball
1-0: Swinging Strike
1-1: Called Strike
1-2: Fly out, F9 (Flyball, 9LM, EV 150 KM/H)
Batting: LHB Augusto Monroy 0-0: Ball
1-0: Ball
2-0: Foul Ball, location: 2LF
2-1: Foul Ball, location: 7LSF
2-2: Foul Ball, location: 2F
2-2: Foul Ball, location: 2F
2-2: Fly out, F8 (Flyball, 8LM, EV 150 KM/H)
Bottom of the 4th over - 0 runs, 0 hits, 0 errors, 0 left on base; Aguada 0 - Cabo Rojo 2
TOP OF THE 5TH
Aguada Arzobispos batting - Pitching for Cabo Rojo Combatientes : LHP Alberto Lozano
Batting: SHB Valerio Delgado 0-0: Called Strike
0-1: SINGLE (Groundball, 6MD, EV 158 KM/H)
Batting: RHB Albán Echeverry 0-0: Sac Bunt to 13 - play at second, runner OUT! 1-6
DELAY Rain delay of 33 minutes in the 5th inning.
Batting: RHB Javier Esparza 0-0: Swinging Strike
0-1: Ball
1-1: Ball
2-1: Ball
3-1: Fly out, F8 (Flyball, 89M, EV 130 KM/H)
Batting: RHB Felipe Rivera 0-0: Swinging Strike
0-1: Ball
Albán Echeverry is caught stealing 2nd base 2-4
Top of the 5th over - 0 runs, 1 hit, 0 errors, 0 left on base; Aguada 0 - Cabo Rojo 2
BOTTOM OF THE 5TH
Cabo Rojo Combatientes batting - Pitching for Aguada Arzobispos : RHP Samuel Pabón
Batting: LHB Mercuriano Vilchez 0-0: Called Strike
0-1: Ground out U3 (Groundball, 34, EV 173 KM/H)
Batting: SHB Leopoldo López 0-0: Ball
1-0: Swinging Strike
1-1: Called Strike
1-2: Ball
2-2: Fly out, F8 (Flyball, 89S, EV 125 KM/H)
Batting: RHB Alfredo Martínez 0-0: Ball
1-0: Fly out, F8 (Flyball, 8RS, EV 153 KM/H)
Bottom of the 5th over - 0 runs, 0 hits, 0 errors, 0 left on base; Aguada 0 - Cabo Rojo 2
TOP OF THE 6TH
Aguada Arzobispos batting - Pitching for Cabo Rojo Combatientes : LHP Alberto Lozano
Batting: RHB Felipe Rivera 0-0: Called Strike
0-1: Ground out 1-3 (Groundball, 13S, EV 106 KM/H)
Batting: SHB René Jiménez 0-0: Ball
1-0: Ball
2-0: TRIPLE (Flyball, 78XD, EV 172 KM/H)
Batting: RHB Aldo Sotelo 0-0: Ball
1-0: Foul Ball, location: 9LDF
1-1: Fly out, F7 (Flyball, 7, EV 155 KM/H)
Runner from 3rd tags up, OUT at HOME! 7-2
Top of the 6th over - 0 runs, 1 hit, 0 errors, 0 left on base; Aguada 0 - Cabo Rojo 2
BOTTOM OF THE 6TH
Cabo Rojo Combatientes batting - Pitching for Aguada Arzobispos : RHP Samuel Pabón
Batting: RHB Elián Estrada 0-0: Ball
1-0: Called Strike
1-1: Called Strike
1-2: Foul Ball, location: 5SF
1-2: Ball
2-2: Ball
3-2: Fly out, F8 (Line Drive, 8LD, EV 165 KM/H)
Batting: LHB Plinio Ríos 0-0: Ball
1-0: Ball
2-0: Ball
3-0: Called Strike
3-1: Base on Balls
Batting: LHB Heliodoro Barrera 0-0: Ball
1-0: Ball
2-0: Ball
3-0: Called Strike
3-1: SINGLE (Line Drive, 89M, EV 142 KM/H)
Plinio Ríos to second
Batting: RHB Admeto Morales 0-0: Called Strike
0-1: Swinging Strike
0-2: Ball
1-2: SINGLE (Groundball, 34D, EV 170 KM/H)
Plinio Ríos to third
Heliodoro Barrera to second
Runner from 3rd tries for Home, SAFE, throw by RF to home
Heliodoro Barrera to third
Admeto Morales to second
Batting: SHB Loquillo Valenzuela 0-0: Ball
1-0: Fly out, F8 (Line Drive, 89D, EV 136 KM/H)
Runner from 3rd tags up, SCORES, no throw by CF
Batting: LHB Augusto Monroy 0-0: Called Strike
0-1: Ball
1-1: SINGLE (Groundball, 6MD, EV 152 KM/H)
Admeto Morales to third
Batting: LHB Mercuriano Vilchez 0-0: Ball
1-0: Ball
2-0: Fly out, F6 (Popup, 6, EV 94 KM/H)
Bottom of the 6th over - 2 runs, 3 hits, 0 errors, 2 left on base; Aguada 0 - Cabo Rojo 4
TOP OF THE 7TH
Aguada Arzobispos batting - Pitching for Cabo Rojo Combatientes : LHP Alberto Lozano
Batting: LHB Muño Rosas 0-0: Ball
1-0: Ball
2-0: Foul Ball, location: 7LSF
2-1: SINGLE (Line Drive, 8RS, EV 177 KM/H)
Batting: RHB Adonis Pandelo 0-0: Ball
1-0: Ball
2-0: Fly out, F8 (Flyball, 8RD, EV 159 KM/H)
Batting: RHB Acasto García 0-0: Ground out 5-3 (Groundball, 56, EV 137 KM/H)
Muño Rosas to second
Batting: SHB Valerio Delgado 0-0: Fly out, F3 (Popup, 34, EV 125 KM/H)
Top of the 7th over - 0 runs, 1 hit, 0 errors, 1 left on base; Aguada 0 - Cabo Rojo 4
BOTTOM OF THE 7TH
Cabo Rojo Combatientes batting - Pitching for Aguada Arzobispos : RHP Samuel Pabón
Batting: SHB Leopoldo López 0-0: Ball
1-0: Foul Ball, location: 2RF
1-1: Ball
2-1: Ball
3-1: Base on Balls
Batting: RHB Alfredo Martínez 0-0: Called Strike
Leopoldo López is caught stealing 2nd base 2-4
0-1: Foul Ball, location: 9LSF
0-2: Ground out 6-3 (Groundball, 6, EV 174 KM/H)
Batting: RHB Elián Estrada 0-0: Ball
1-0: Called Strike
1-1: Called Strike
1-2: Ball
2-2: Reached on error, E6 (Groundball, 6M, EV 146 KM/H)
Batting: LHB Plinio Ríos 0-0: Ball
Elián Estrada steals 2nd base
1-0: Called Strike
1-1: Called Strike
1-2: Ball
2-2: Ball
3-2: Strikes out swinging
Bottom of the 7th over - 0 runs, 0 hits, 1 error, 1 left on base; Aguada 0 - Cabo Rojo 4
TOP OF THE 8TH
Aguada Arzobispos batting - Pitching for Cabo Rojo Combatientes : LHP Alberto Lozano
Batting: RHB Albán Echeverry 0-0: Ball
1-0: Swinging Strike
1-1: Ground out U3 (Groundball, 3L, EV 156 KM/H)
Batting: RHB Javier Esparza 0-0: Called Strike
0-1: Ball
1-1: Ball
2-1: Foul Ball, location: 7LSF
2-2: Strikes out swinging
Batting: RHB Felipe Rivera 0-0: Ball
1-0: Ball
2-0: Called Strike
2-1: Swinging Strike
2-2: Fly out, F8 (Flyball, 8RM, EV 142 KM/H)
Top of the 8th over - 0 runs, 0 hits, 0 errors, 0 left on base; Aguada 0 - Cabo Rojo 4
BOTTOM OF THE 8TH
Cabo Rojo Combatientes batting - Pitching for Aguada Arzobispos : RHP Samuel Pabón
Batting: LHB Heliodoro Barrera 0-0: Foul Ball, location: 23FF
0-1: Ball
1-1: Ball
2-1: Foul Ball, location: 2F
2-2: Strikes out swinging
Batting: RHB Admeto Morales 0-0: Ball
1-0: Called Strike
1-1: Ball
2-1: SINGLE (Groundball, 4MD, EV 152 KM/H)
Batting: SHB Loquillo Valenzuela 0-0: Ball
1-0: Ball
2-0: Foul Ball, location: 2F
2-1: Fielders Choice at 2nd, 6-4 (Groundball, 6, EV 137 KM/H)
Batting: LHB Augusto Monroy 0-0: Ball
1-0: Ball
2-0: Ball
3-0: Fielders Choice at 2nd, 6-4 (Groundball, 6, EV 165 KM/H)
Bottom of the 8th over - 0 runs, 1 hit, 0 errors, 1 left on base; Aguada 0 - Cabo Rojo 4
TOP OF THE 9TH
Aguada Arzobispos batting - Pitching for Cabo Rojo Combatientes : LHP Alberto Lozano
Batting: SHB René Jiménez 0-0: Called Strike
0-1: Ball
1-1: SINGLE (Groundball, 3D, EV 156 KM/H)
Batting: RHB Aldo Sotelo 0-0: Ball
1-0: Called Strike
1-1: SINGLE (Line Drive, 8RS, EV 150 KM/H)
René Jiménez to second
Batting: LHB Muño Rosas 0-0: Ball
1-0: Swinging Strike
1-1: Swinging Strike
1-2: Strikes out looking
Batting: RHB Adonis Pandelo 0-0: Swinging Strike
0-1: Ball
1-1: Ball
2-1: Foul Ball, location: 9LDF
2-2: Ball
3-2: Base on Balls
René Jiménez to third
Aldo Sotelo to second
Batting: RHB Acasto García 0-0: Fly out, F6 (Popup, 6M, EV 123 KM/H)
Pinch Hitting: LHB Gates Golunski 0-0: Ball
1-0: Swinging Strike
1-1: Called Strike
1-2: Fly out, F8 (Flyball, 8LD, EV 158 KM/H)
Top of the 9th over - 0 runs, 2 hits, 0 errors, 3 left on base; Aguada 0 - Cabo Rojo 4
Friday, April 12th , 2024 - OOTP Baseball 25.2 Build 53